 Dungeon Crawl Stone Soup version 0.13.1-2-gfb2c2b7 (webtiles) character file.

980 Lilouch the Skirmisher (level 7, 0/53 HPs)
             Began as a Mummy Chaos Knight on Dec 12, 2013.
             Was a Plaything of Xom.
             Slain by Dowan the yellow wasp (8 damage)
             ... on Level 4 of the Dungeon.
             The game lasted 00:11:51 (4380 turns).

Lilouch the Skirmisher (Mummy Chaos Knight)         Turns: 4380, Time: 00:11:51

HP   0/53        AC 14     Str 17      XL: 7   Next: 46%
MP   7/7         EV  4     Int 11      God: Xom
Gold 241         SH  0     Dex 12      Spells:  0 memorised,  6 levels left

Res.Fire  : x . .   See Invis. : .   a - +0 spear (chaos) {=f}
Res.Cold  : + . .   Warding    : .   n - +0 plate armour
Life Prot.: + + +   Conserve   : .   (no shield)
Res.Poison: +       Res.Corr.  : .   (no helmet)
Res.Elec. : .       Clarity    : .   w - +1 elf cloak
Sust.Abil.: . .     Spirit.Shd : .   h - -1 pair of gauntlets
Res.Mut.  : .       Stasis     : .   (no boots)
Res.Rott. : +       Flight     : .   (no amulet)
Saprovore : . . .                    e - cursed ring of hunger {unknown}
                                     i - +1 ring of dexterity

@: somewhat resistant to hostile enchantments, extremely unstealthy
A: no food or potions, fire vulnerability, restore body, cold resistance 1, life
protection 3, poison resistance, torment resistance, unbreathing
a: Renounce Religion


You were on level 4 of the Dungeon.
You worshipped Xom.
You were a favourite toy of Xom.
You were not hungry.

You visited 1 branch of the dungeon, and saw 5 of its levels.

You collected 221 gold pieces.

Inventory:

Hand weapons
 a - a +0,+0 spear of chaos (weapon) {=f}
 p - a +1,+0 spear of dragon slaying
Missiles
 f - 17 arrows of dispersal
 g - 18 bolts
 j - 16 darts of frost
 m - 7 needles of paralysis
 q - 2 throwing nets
 r - 17 steel darts
 x - 7 darts of dispersal (quivered)
Armour
 b - a +2 leather armour
 h - a -1 pair of gauntlets (worn)
 n - a +0 plate armour (worn)
 w - a +1 elven cloak (worn)
Magical devices
 o - a wand of polymorph (6)
 t - a wand of cold (0)
 v - a wand of flame (0)
Scrolls
 c - 2 scrolls of remove curse
 d - 3 scrolls of amnesia
 k - a scroll of curse weapon {unknown}
 l - a scroll of enchant weapon II {unknown}
 s - a scroll of enchant armour {unknown}
 u - a scroll of fog {unknown}
Jewellery
 e - a cursed ring of hunger (right hand) {unknown}
 i - a +1 ring of dexterity (left hand)


   Skills:
 + Level 5.2 Fighting
 + Level 4.3 Polearms
 * Level 4.8 Armour
 - Level 0.7 Dodging


You had 6 spell levels left.
You didn't know any spells.

Dungeon Overview and Level Annotations

Branches:
Dungeon (5/27)
 Temple: D:4-7

Altars:

Annotations:
D:4 Dowan


Innate Abilities, Weirdness & Mutations

You do not eat or drink.
Your flesh is vulnerable to fire.
Your flesh is cold resistant.
You are immune to negative energy.
Your system is resistant to poisons.
You are immune to unholy pain and torment.
You can survive without breathing.


Message History

Zapping:
v - a wand of flame {zapped: 2}
Press: ? - help, Shift-Dir - straight line, f/p - Dowan
Aim: Dowan the yellow wasp (severely wounded)
The puff of flame hits Dowan.
Dowan is almost dead.
Dowan completely misses you. Dowan stings you.
* * * LOW HITPOINT WARNING * * *
Evoke which item? (* to show all) (? for menu, Esc to quit)
Zapping:
v - a wand of flame {zapped: 3}
Press: ? - help, Shift-Dir - straight line, f/p - Dowan
Aim: Dowan the yellow wasp (almost dead)
The puff of flame misses Dowan.
Dowan stings you.
* * * LOW HITPOINT WARNING * * *
Evoke which item? (* to show all) (? for menu, Esc to quit)
Zapping:
v - a wand of flame {zapped: 4}
Press: ? - help, Shift-Dir - straight line, f/p - Dowan
Aim: Dowan the yellow wasp (almost dead) Nothing appears to happen.
Dowan stings you!
You die... "Huh?
Did I miss anything?"

#.#####.########...
#.##........# #$..
#.##........# #...
#.##........# #...
#)##........# ####
#)##......!.######
#.##.............#
#y##.............#
#.@..............#
#######.####.....##
#.# ##...... .#
#.#.### #.#.#.. .
#.#.# #.. ## #.#.#
#..# #.### #..#
#.#@#


You could see Dowan the yellow wasp.

Vanquished Creatures
  A raven (D:4)
  A slave (D:4)
  A warg (D:3)
  Duvessa (D:4)
  An iguana (D:4)
  5 gnolls (D:3)
  5 adders
  A giant mite (D:2)
  3 worms (D:4)
  2 orcs (D:3)
  8 bats
  8 kobolds
  3 quokkas
  7 giant cockroaches
  4 giant geckos
  6 giant newts
  7 goblins
  10 hobgoblins
  16 rats
90 creatures vanquished.

Vanquished Creatures (collateral kills)
  Pikel (D:4)
  A slave (D:4)
2 creatures vanquished.

Vanquished Creatures (others)
  2 grey rats (D:4)
  A hobgoblin skeleton (D:4)
  9 rats (D:4)
12 creatures vanquished.

Grand Total: 104 creatures vanquished

Notes
Turn   | Place    | Note
--------------------------------------------------------------
     0 | D:1      | Lilouch, the Mummy Chaos Knight, began the quest for the Orb.
     0 | D:1      | Reached XP level 1. HP: 16/16 MP: 1/1
   225 | D:1      | Reached XP level 2. HP: 19/22 MP: 2/2
  1067 | D:2      | Reached XP level 3. HP: 16/28 MP: 3/3
  1273 | D:2      | XOM: divination: magic mapping
  1338 | D:2      | XOM: divination: magic mapping
  1456 | D:2      | XOM: divination: detect items
  1458 | D:2      | XOM: harmless Fire miscast
  1597 | D:2      | Reached XP level 4. HP: 30/34 MP: 4/4
  1647 | D:2      | XOM: divination: detect creatures
  2055 | D:3      | Noticed a warg
  2055 | D:3      | an iguana changed into a warg
  2060 | D:3      | XOM: potion effect (heal wounds)
  2072 | D:3      | Killed a warg
  2072 | D:3      | Reached skill level 4 in Fighting
  2072 | D:3      | Reached XP level 5. HP: 10/40 MP: 5/5
  2444 | D:3      | XOM: divination: magic mapping
  2655 | D:3      | XOM: divination: detect items
  2973 | D:5      | Entered Level 5 of the Dungeon
  3135 | D:4      | XOM: mild Necr miscast
  3353 | D:4      | Noticed Prince Ribbit
  3358 | D:4      | XOM: enchant monster (good)
  3398 | D:4      | Noticed Prince Ribbit
  3398 | D:4      | Prince Ribbit changed into Prince Ribbit the raven
  3400 | D:4      | Killed Prince Ribbit the raven
  3400 | D:4      | Reached XP level 6. HP: 36/47 MP: 6/6
  3505 | D:4      | XOM: 2-stop teleportation journey
  3620 | D:4      | Noticed a slave
  3621 | D:4      | Noticed a slave
  3623 | D:4      | Noticed a slave
  3624 | D:4      | Noticed a slave
  3625 | D:4      | Noticed Pikel
  3647 | D:4      | Killed a slave
  3648 | D:4      | Killed a slave
  3651 | D:4      | Killed Pikel
  3651 | D:4      | Reached skill level 5 in Fighting
  3651 | D:4      | Reached XP level 7. HP: 12/53 MP: 7/7
  3730 | D:4      | XOM: divination: detect items
  3819 | D:4      | Noticed an octopode
  3819 | D:4      | a freed slave changed into an octopode
  3819 | D:4      | XOM: polymorph freed slave -> octopode
  3858 | D:4      | XOM: medium Erth miscast
  4160 | D:4      | XOM: harmless Ice miscast
  4348 | D:4      | Noticed Dowan
  4349 | D:4      | Noticed Duvessa
  4364 | D:4      | Killed Duvessa
  4369 | D:4      | Noticed Dowan
  4369 | D:4      | Dowan changed into Dowan the yellow wasp
  4380 | D:4      | Slain by Dowan the yellow wasp

Action                   |  1- 3 |  4- 6 |  7- 9 || total
-------------------------+-------+-------+-------++-------
Melee: Spear             |   147 |   169 |    71 ||   387
Throw: Dart              |       |     2 |     1 ||     3
Evoke: Wand              |       |     9 |     6 ||    15
  Use: Scroll            |       |     2 |       ||     2
 Stab: Paralysed         |       |    10 |       ||    10
       Petrifying        |       |     2 |       ||     2
       Confused          |       |       |     1 ||     1
